AoeStats
← mryendl2410

Nomad

509859739Analyzed
4v4 RM · 4d ago on Sep 28, 2026· 42m 47s· 8 players
Game mode
Random Map
Map size
231×231
Population
200
Speed
Normal
Resources
Standard
Victory
Conquest
Starting age
Dark Age
Ending age
Imperial Age
RankedLock teamsTeams togetherTeam positionsShared explorationLock speedFull tech treeHidden civsTurbo modeCheats
Victory
Defeat
🇨🇳 Saracens · China
1382
+9
🇨🇳 Persians · China
1360
+9
🇨🇳 Huns · China
1340
+10
🇻🇳 Maya · Vietnam
1339
+11
🇹🇼 Vikings · Taiwan
1344
-14
1330
-13
🇯🇵 Japanese · Japan
1171
-8
🇹🇼 Varangians · Taiwan
980
-4
mryendl2410
5:28 Loom
12:52 Feudal Age
17:30 Castle Age
16:46 Gold Mining
18:10 Double-Bit Axe
18:41 Fletching
20:52 Bodkin Arrow
23:10 Padded Archer Armor
24:58 Leather Archer Armor
28:13 Bow Saw
30:22 Ballistics
30:46 Wheelbarrow
32:38 Horse Collar
36:35 Imperial Age
38:18 Imperial Age
37:40 Hand Cart
37:59 Eagle Warrior
38:40 Squires
38:26 Arson
38:42 Scale Mail Armor
39:38 Chain Mail Armor
39:58 Holcans
39:50 Conscription
39:27 Elite Eagle Warrior
40:18 Forging
40:22 Pikeman
41:49 Plate Mail Armor
42:07 Iron Casting
41:06 Halberdier
喷火龙
4:36 Loom
13:34 Feudal Age
18:06 Castle Age
17:38 Fletching
17:53 Double-Bit Axe
18:29 Stone Mining
19:55 Bodkin Arrow
31:08 Horse Collar
34:00 Wheelbarrow
33:49 Heavy Plow
34:43 Bow Saw
35:28 Scale Barding Armor
36:57 Hand Cart
37:17 Chain Barding Armor
40:57 Imperial Age
39:06 Town Watch
39:27 Gold Mining
39:55 Forging
39:56 Bloodlines
40:36 Town Patrol
42:05 Iron Casting
41:09 Elite Mameluke
43:05 Plate Barding Armor
42:50 Husbandry
73624617386501790
4:23 Loom
T - T
5:56 Loom
14:36 Feudal Age
16:36 Town Watch
19:57 Castle Age
18:10 Double-Bit Axe
19:40 Bloodlines
19:22 Fishing Lines
21:21 Scale Barding Armor
24:26 Gillnets
29:22 Horse Collar
31:49 Forging
34:09 Bow Saw
36:59 Imperial Age
36:38 Cavalier
38:04 Husbandry
38:43 Iron Casting
38:36 Conscription
40:55 Blast Furnace
40:16 Chain Barding Armor
42:24 Wheelbarrow
KJI
8:33 Loom
13:03 Feudal Age
16:45 Castle Age
16:37 Stone Mining
17:30 Double-Bit Axe
28:45 Fletching
31:53 Bow Saw
34:44 Wheelbarrow
38:30 Fishing Lines
39:27 Gold Mining
查理曼大帝
5:23 Loom
13:50 Feudal Age
18:01 Castle Age
17:09 Stone Mining
17:25 Double-Bit Axe
17:52 Horse Collar
19:23 Heavy Plow
19:54 Bow Saw
20:14 Gold Mining
22:10 Fletching
22:57 Bodkin Arrow
28:54 Coinage
30:07 Ballistics
迪恩-伊薩卡-凡爾賽提斯
9:07 Loom
12:34 Feudal Age
16:25 Castle Age
14:41 Horse Collar
16:42 Double-Bit Axe
17:03 Heavy Plow
17:36 Bow Saw
17:48 Fletching
18:31 Gold Mining
19:09 Medium Warships
19:16 Bodkin Arrow
27:05 Wheelbarrow
26:51 Scale Barding Armor
28:26 Fishing Lines
29:40 Bloodlines
29:52 Chain Barding Armor
29:43 Forging
30:17 Husbandry
30:16 Stone Mining
31:28 Hand Cart
34:23 Imperial Age
32:48 Iron Casting
33:37 Gold Shaft Mining
33:53 Padded Archer Armor
34:21 Cavalier
35:37 Plate Barding Armor
36:04 Blast Furnace
35:42 Stone Shaft Mining
36:31 Two-Man Saw
36:04 Crop Rotation
41:47 Guilds
救不了你
3:58 Loom
15:15 Feudal Age
17:35 Fletching
Connection lost

Rejoining the realm…

Still unreachable

The connection could not be restored.

Session expired

The server has moved on; the page needs a fresh start.